 Dungeon Crawl Stone Soup version 0.18.1-50-g88ac8fd (webtiles) character file.

134993 varam the Eclecticist (level 16, -6/85 HPs)
             Began as a Spriggan Enchanter on Oct 21, 2016.
             Was the Champion of Sif Muna.
             Mangled by a catoblepas (10 damage)
             ... on level 15 of the Dungeon.
             The game lasted 02:30:03 (47245 turns).

varam the Eclecticist (Spriggan Enchanter)         Turns: 47245, Time: 02:30:04

Health: -6/85      AC:  9    Str:  8    XL:     16   Next: 63%
Magic:  8/36       EV:  4    Int: 26    God:    Sif Muna [******]
Gold:   3145       SH:  0    Dex: 19    Spells: 10 memorised, 15 levels left

rFire  + . .     SeeInvis +     k - +7 dagger of Honesty {pierce, Str+4 Int+3}
rCold  + + .     Gourm    .     M - +1 robe {rC+}
rNeg   + + +     Faith    .     (shield restricted)
rPois  ∞         Spirit   .     (helmet restricted)
rElec  +         Dismiss  .     l - +0 cloak {MR+}
rCorr  .         Reflect  +     (gloves unavailable)
SustAt .         Harm     .     (boots unavailable)
MR     +++..                    X - brooch of Shielding {Reflect SH+8}
Stlth  +++++++...               Z - ring "Ryan Ojuto" {rElec rF+ rN+ Int+2}
                                V - +5 ring of protection

@: petrified, very quick, extremely resistant to hostile enchantments, extremely
stealthy
A: unfitting armour, see invisible, cold resistance 1, herbivore 3, speed 3,
screaming 1, slow metabolism 2
a: Channel Energy, Forget Spell, Renounce Religion


You were on level 15 of the Dungeon.
You worshipped Sif Muna.
Sif Muna was exalted by your worship.
You were not hungry.

You visited 3 branches of the dungeon, and saw 25 of its levels.
You also visited: Labyrinth and Ossuary.

You collected 3145 gold pieces.

Inventory:

Hand Weapons
 k - the +7 dagger of Honesty (weapon) {pierce, Str+4 Int+3}
   (You found it on level 1 of the Orcish Mines)

   It inflicts extra damage upon your enemies.
   It affects your strength (+4).
   It affects your intelligence (+3).
 n - a +4 dagger
 q - a +2 short sword of draining
 w - a +0 dagger of venom
 x - a +2 short sword of holy wrath
Missiles
 s - 74 stones (quivered)
Armour
 l - a +0 cloak of magic resistance (worn)
 y - a +2 cloak of poison resistance
 M - a +1 robe of cold resistance (worn)
Jewellery
 a - an uncursed ring of protection from fire
 e - an uncursed ring of protection from cold
 f - an uncursed ring of poison resistance {unknown}
 G - an uncursed ring of magical power {unknown}
 V - a +5 ring of protection (left hand)
 X - the brooch of Shielding (around neck) {Reflect SH+8}
   (You took it off a minotaur in a labyrinth)

   [amulet of reflection]

   It shields you and reflects attacks.
   It affects your SH (+8).
 Z - the ring "Ryan Ojuto" (right hand) {rElec rF+ rN+ Int+2}
   (You found it in a labyrinth)

   [ring of positive energy]

   It affects your intelligence (+2).
   It protects you from fire.
   It insulates you from electricity.
   It protects you from negative energy.
Wands
 p - a wand of teleportation (0/9)
 t - a wand of iceblast (9/15)
 A - a wand of paralysis (8/24)
 Q - a wand of hasting (5/9)
Scrolls
 g - 13 scrolls of remove curse {@r2}
 h - 3 scrolls of blinking
 j - 3 scrolls of teleportation
 m - a scroll of brand weapon
 o - a scroll of noise {unknown}
 r - a scroll of magic mapping {unknown}
 z - 2 scrolls of fear
 L - 2 scrolls of fog
Potions
 b - a potion of resistance
 u - 2 potions of curing {@q1}
 C - a potion of might
 F - 2 potions of cancellation {unknown}
 H - a potion of haste
 N - a potion of flight
Books
 c - Sif Muna's Papyrus of Lucky Air
   (Sif Muna gifted it to you on level 1 of the Orcish Mines)

   Spells                             Type                      Level
   a - Song of Slaying                Charms                       2
   b - Spectral Weapon                Hexes/Charms                 3
   c - Warp Weapon                    Charms/Translocation         5
   d - Haste                          Charms                       6
 i - a Fen Folio

   Spells                             Type                      Level
   a - Corpse Rot                     Necromancy                   2
   b - Stone Arrow                    Conjuration/Earth            3
   c - Leda's Liquefaction            Hexes/Earth                  4
   d - Summon Forest                  Summoning/Translocation      5
   e - Hydra Form                     Transmutation                6
   f - Summon Hydra                   Summoning                    7
 D - a book of Fire

   Spells                             Type                      Level
   a - Ignite Poison                  Fire/Transmutation/Poison    3
   b - Fireball                       Conjuration/Fire             5
   c - Bolt of Fire                   Conjuration/Fire             6
   d - Delayed Fireball               Conjuration/Fire             7
   e - Ring of Flames                 Charms/Fire                  7
 E - Vev Rinn's Compendium of Vitriolic Dislocation
   (You found it on level 13 of the Dungeon)

   Spells                             Type                      Level
   a - Sting                          Conjuration/Poison           1
   b - Apportation                    Translocation                1
   c - Olgreb's Toxic Radiance        Poison                       4
   d - Poisonous Cloud                Conjuration/Poison/Air       6
 J - Awesh's Tome of Evil Moulding
   (Sif Muna gifted it to you on level 14 of the Dungeon)

   Spells                             Type                      Level
   a - Sublimation of Blood           Necromancy                   2
   b - Yara's Violent Unravelling     Hexes/Transmutation          5
   c - Haunt                          Necromancy/Summoning         7
 K - a book of Battle

   Spells                             Type                      Level
   a - Infusion                       Charms                       1
   b - Shroud of Golubria             Charms/Translocation         2
   c - Song of Slaying                Charms                       2
   d - Spectral Weapon                Hexes/Charms                 3
   e - Regeneration                   Charms/Necromancy            3
Miscellaneous
 v - a plain deck of summoning
 I - a phial of floods
Comestibles
 d - 8 bread rations
 B - 15 fruits


   Skills:
 - Level 10.0 Fighting
 - Level 10.2 Short Blades
 - Level 13.9 Dodging
 - Level 15.5 Stealth
 + Level 15.9 Spellcasting
 + Level 15.9 Hexes
 - Level 10.3 Charms
 + Level 9.8 Translocations
 - Level 0.1 Ice Magic
 - Level 7.2 Air Magic


You had 15 spell levels left.
You knew the following spells:

 Your Spells              Type           Power        Failure   Level  Hunger
a - Ensorcelled Hibernat  Hex/Ice        ######       1%          2    None
b - Corona                Hex            #######      0%          1    None
c - Confuse               Hex            #######.     0%          3    None
d - Dazzling Spray        Conj/Hex       ######       1%          3    None
e - Song of Slaying       Chrm           ######..     1%          2    None
f - Passage of Golubria   Tloc           N/A          1%          4    None
g - Silence               Hex/Air        ######....   1%          5    None
q - Shroud of Golubria    Chrm/Tloc      ######....   1%          2    None
r - Regeneration          Chrm/Necr      #####.....   1%          3    None
z - Haste                 Chrm           ######..     8%          6    ####...


Dungeon Overview and Level Annotations

Branches:
Dungeon (15/15)            Temple (0/1) D:5            Lair (8/8) D:11
  Swamp (0/4) Lair:3       Spider (0/4) Lair:6        Slime (0/6) Lair:6
    Orc (2/2) D:10            Elf (0/3) Orc:2        Vaults (0/5) D:13
 Depths: D:15

Altars:
Ashenzari
Kikubaaqudgha
Makhleb
Nemelex Xobeh
Okawaru
Pakellas
Ru
Sif Muna
Vehumet
Yredelemnul
Zin
Beogh

Shops:
D:9 }(   D:14 (   Orc:2 =*}[


Innate Abilities, Weirdness & Mutations

You are tiny and cannot use many weapons and most armour.
You have supernaturally acute eyesight.
You are a herbivore.
You cover ground extremely quickly.
You need consume almost no food.
Your flesh is cold resistant.
You occasionally shout uncontrollably at your foes.


Message History

Aim: a catoblepas (almost dead)
The spray of energy hits the catoblepas.
The catoblepas is almost dead.
The catoblepas is dazzled.
The catoblepas completely misses you.
You have turned to stone.
The catoblepas gores you!! x2
The catoblepas breathes a plume of calcifying dust at you.
The blast of calcifying dust hits you!
* * * LOW HITPOINT WARNING * * *
You are engulfed in calcifying dust.
The catoblepas is no longer blind.
The catoblepas breathes a plume of calcifying dust at you.
The blast of calcifying dust hits you!
* * * LOW HITPOINT WARNING * * *
You are engulfed in calcifying dust.
The catoblepas gores you!!
* * * LOW HITPOINT WARNING * * *
You are engulfed in calcifying dust.
The catoblepas gores you.
* * * LOW HITPOINT WARNING * * *
You are engulfed in calcifying dust.
The catoblepas barely misses you.
You are engulfed in calcifying dust.
The catoblepas gores you!!
You die...

. ..# #...........#♣♣♣♣♣♣.P♣♣♣♣♣
. ..# #.....#.#...# ♣.♣♣≈♣♣..♣. #
#.# #.....#.###'##...♣♣≈≈♣♣.#.
###.# #................♣≈≈♣♣..#.
.##.# #...#.#.##.......♣♣.♣♣e.#.
.##.####...#............§.eY§#.#.
#......#...#...######.....####§#.
#......#.†...[..Y......#.......Y.
#......#.#.#<#..@..............§.
#......#†#+#...#######..........§
#...................#...########§
#............†...........(.....†(
#......#.....)......#...##...####
#.........[..)...............+..'
........................##...####
...#####.#####...####...###### #
####........#............# #


You could see a catoblepas.

Vanquished Creatures
  Rupert (D:13)
  Donald (D:13)
  Maud (Lair:6)
  A stone giant (Orc:1)
  The ghost of varam the Unseen, a journeyman SpEn of Okawaru (Orc:1)
  An ettin (Orc:1)
  Snorg (Lair:7)
  A fire dragon (D:15)
  A minotaur (Lab)
  The ghost of lorenzova the Eclecticist, a journeyman DECj of Sif Muna (Lair:4)
  Josephine (D:10)
  The ghost of Acidk0re the Blocker, a journeyman MiFi of Okawaru (Orc:2)
  Erolcha (D:8)
  A hydra (shapeshifter) (Orc:2)
  14 hydras
  A rakshasa (D:15)
  Harold (D:12)
  Erica (D:8)
  2 tengu warriors
  2 centaur warriors (D:14)
  14 death yaks
  An ogre mage (Orc:2)
  The ghost of feelmyfire the Bludgeoner, a novice MiFi of Okawaru (D:10)
  A titan zombie (Orc:1)
  Nergalle (Lair:4)
  7 orc high priests (Orc:2)
  4 skeletal warriors (D:12)
  3 unseen horrors (D:14)
  A wizard (D:14)
  15 hill giants
  3 orc knights
  A deep elf archer (Orc:2)
  2 ugly things (D:13)
  A necromancer (D:14)
  4 griffons
  A stone giant zombie (Orc:1)
  An orc sorcerer (Orc:2)
  A deep elf mage (D:13)
  An oklob plant (D:11)
  9 cyclopes
  2 manticores (D:15)
  7 black mambas
  Maurice (D:12)
  14 elephants
  21 spiny frogs
  Psyche (Lair:7)
  2 gargoyles (D:12)
  2 efreet
  A redback zombie (D:15)
  A rime drake (D:15)
  7 komodo dragons
  2 spriggan druids (Lair:8)
  10 trolls
  A queen bee (D:8)
  A wolf spider simulacrum (D:14)
  A tengu conjurer (D:13)
  6 two-headed ogres
  Grinder (D:3)
  6 polar bears
  11 slime creatures
  23 blink frogs
  A centaur simulacrum (D:14)
  A shadow (D:14)
  5 redbacks
  A vampire (D:12)
  5 wraiths
  10 spriggans (Lair:8)
  23 humans
  8 wyverns
  37 yaks
  The ghost of varam the Covert, an amateur SpEn of Pakellas (D:4)
  A hill giant zombie (Orc:1)
  A steam dragon (D:14)
  3 hungry ghosts
  8 basilisks
  A hippogriff (shapeshifter) (D:15)
  9 vampire mosquitoes
  Menkaure (D:7)
  Grum (D:8)
  17 hippogriffs
  5 wargs
  A mottled dragon (D:14)
  15 water moccasins
  Edmund (D:4)
  19 orc warriors
  13 porcupines
  2 wasps (Lair:8)
  4 sky beasts
  3 phantoms
  4 black bears
  An eye of draining (D:15)
  2 ice beasts
  18 ogres
  55 wolves
  2 boggarts (D:11)
  10 centaurs
  14 crocodiles
  2 big kobolds
  24 giant frogs
  A wyvern zombie (D:11)
  A cyclops zombie (Orc:1)
  5 scorpions
  36 killer bees
  8 wights
  3 howler monkeys (D:5)
  An electric eel (Lair:2)
  10 crimson imps
  2 centaur zombies
  2 quasits
  A gnoll shaman (D:7)
  17 jellies
  6 hounds
  Crazy Yiuf (D:4)
  37 orc priests
  Ijyb (D:3)
  5 centaur skeletons
  A giant frog skeleton (D:12)
  10 iguanas
  12 worker ants
  Terence (D:2)
  Natasha (thrice) (D:4)
  23 orc wizards
  2 hell rats
  26 sheep
  2 big kobold zombies (Ossuary)
  A hound skeleton (D:8)
  8 mummies (Ossuary)
  7 gnolls
  12 adders
  107 river rats
  3 shadow imps
  3 oozes
  3 worms (D:2)
  3 dart slugs
  6 giant geckos
  97 orcs
  5 giant cockroaches
  4 gnoll zombies (Ossuary)
  10 goblins
  5 hobgoblins
  3 jackals (Lair:7)
  2 quokkas
  2 ball pythons
  2 bats (D:1)
  A giant gecko zombie (D:6)
  6 giant newts
  A goblin zombie (D:7)
  A jackal skeleton (D:6)
  23 kobolds
  2 orc zombies (Ossuary)
  A quokka zombie (D:7)
  9 rats
  A fungus (Lair:2)
  12 plants (D:11)
1114 creatures vanquished.

Vanquished Creatures (others)
  A cyclops (D:15)
  A human (D:10)
  A killer bee (D:13)
  A gnoll (D:8)
  27 fungi
  9 plants
40 creatures vanquished.

Grand Total: 1154 creatures vanquished

Notes
Turn   | Place    | Note
--------------------------------------------------------------
     0 | D:1      | varam the Spriggan Enchanter began the quest for the Orb.
     0 | D:1      | Reached XP level 1. HP: 9/9 MP: 5/5
   185 | D:1      | Reached skill level 5 in Stealth
   185 | D:1      | Reached XP level 2. HP: 11/13 MP: 6/6
   391 | D:2      | Found a sacrificial altar of Ru.
   398 | D:2      | Found a basalt altar of Yredelemnul.
   401 | D:2      | Found a deep blue altar of Sif Muna.
   589 | D:2      | Noticed Crazy Yiuf
   654 | D:2      | Became a worshipper of Sif Muna the Loreminder
  1064 | D:1      | Learned a level 2 spell: Ensorcelled Hibernation
  1320 | D:1      | Reached XP level 3. HP: 16/16 MP: 8/8
  1325 | D:1      | Learned a level 3 spell: Confuse
  2231 | D:2      | Noticed Terence
  2237 | D:2      | Killed Terence
  2237 | D:2      | Reached XP level 4. HP: 21/21 MP: 5/9
  2346 | D:2      | Found an oddly glowing altar of Pakellas.
  2653 | D:2      | Found a radiant altar of Vehumet.
  3143 | D:3      | Reached XP level 5. HP: 23/24 MP: 6/10
  3212 | D:3      | Noticed Grinder
  3244 | D:3      | Paralysed by Grinder for 5 turns
  3824 | D:4      | Noticed Edmund
  3858 | D:5      | Entered Level 5 of the Dungeon
  3869 | D:5      | Found a shattered altar of Ashenzari.
  3925 | D:4      | Found an iron altar of Okawaru.
  4050 | D:6      | Reached XP level 6. HP: 22/28 MP: 9/11
  4222 | D:5      | Reached skill level 5 in Short Blades
  4318 | D:5      | Reached skill level 1 in Fighting
  4662 | D:4      | Killed Edmund
  4662 | D:4      | Reached XP level 7. HP: 33/33 MP: 2/13
  4664 | D:4      | Reached skill level 5 in Hexes
  4713 | D:4      | Noticed Natasha
  4726 | D:4      | Killed Natasha
  4742 | D:4      | Killed Crazy Yiuf
  4764 | D:4      | Noticed Natasha
  4976 | D:4      | Killed Natasha
  5157 | D:4      | Noticed varam's ghost (amateur SpEn)
  5187 | D:4      | Killed varam's ghost
  5187 | D:4      | Reached * piety under Sif Muna
  5224 | D:4      | Noticed Natasha
  5231 | D:4      | Killed Natasha
  5364 | D:4      | Found a glowing silver altar of Zin.
  5364 | D:4      | Found a burning altar of Makhleb.
  5365 | D:4      | Noticed a cacodemon
  5365 | D:4      | Noticed an angel
  5520 | D:4      | Found a sparkling altar of Nemelex Xobeh.
  5803 | D:3      | Killed Grinder
  5803 | D:3      | Reached XP level 8. HP: 37/37 MP: 12/15
  5858 | D:3      | Found an iron altar of Okawaru.
  6166 | D:3      | Noticed Ijyb
  6173 | D:3      | Killed Ijyb
  6607 | D:5      | Found a staircase to the Ecumenical Temple.
  6635 | D:5      | Learned a level 3 spell: Dazzling Spray
  6668 | D:6      | Reached skill level 5 in Dodging
  7028 | D:6      | Found an oddly glowing altar of Pakellas.
  7503 | D:6      | Reached XP level 9. HP: 45/45 MP: 7/16
  7671 | D:7      | Found a sand-covered staircase.
  7678 | Ossuary  | Entered an ossuary
  8416 | D:7      | Reached skill level 10 in Dodging
  8576 | D:7      | Noticed Menkaure
  9010 | D:7      | Reached skill level 10 in Stealth
  9195 | D:7      | Killed Menkaure
  9285 | D:8      | Noticed Erolcha
  9333 | D:8      | Noticed a queen bee
 10206 | D:7      | Reached XP level 10. HP: 34/49 MP: 14/17
 10510 | D:9      | Found Seabbef's Weapon Shop.
 11307 | D:8      | Noticed Grum
 11463 | D:9      | Reached skill level 5 in Spellcasting
 11790 | D:9      | Reached ** piety under Sif Muna
 12410 | D:9      | Found Anaask's Gadget Boutique.
 12764 | D:10     | Entered Level 10 of the Dungeon
 12817 | D:10     | Learned a level 3 spell: Regeneration
 13134 | D:10     | Found a staircase to the Orcish Mines.
 13503 | Orc:1    | Entered Level 1 of the Orcish Mines
 13595 | D:10     | Found an ancient bone altar of Kikubaaqudgha.
 13633 | D:10     | Reached skill level 1 in Charms
 13677 | D:10     | Noticed feelmyfire's ghost (novice MiFi)
 13694 | D:10     | Killed feelmyfire's ghost
 13970 | D:10     | Noticed Josephine
 14241 | D:10     | Killed Josephine
 14241 | D:10     | Reached XP level 11. HP: 54/54 MP: 20/22
 14684 | D:8      | Noticed Erica
 14705 | D:8      | Killed Erica
 14784 | D:8      | Killed Grum
 14800 | D:8      | Reached *** piety under Sif Muna
 14800 | D:8      | Reached skill level 10 in Hexes
 15030 | D:8      | Killed Erolcha
 15703 | D:11     | Noticed an oklob plant
 15705 | D:11     | Found a staircase to the Lair.
 15813 | D:11     | Killed an oklob plant
 16414 | Lair:1   | Entered Level 1 of the Lair of Beasts
 16602 | Lair:1   | Reached skill level 5 in Charms
 16637 | Lair:1   | Reached skill level 5 in Fighting
 17647 | Lair:1   | Reached **** piety under Sif Muna
 17758 | Lair:1   | Reached XP level 12. HP: 60/60 MP: 25/25
 18419 | Lair:2   | Noticed a seven-headed hydra
 18421 | Lair:2   | Noticed an eight-headed hydra
 18437 | Lair:2   | Killed a seven-headed hydra
 18442 | Lair:2   | Killed an eight-headed hydra
 18574 | Lair:2   | Noticed a seven-headed hydra
 18578 | Lair:2   | Killed a seven-headed hydra
 19461 | Lair:2   | Noticed a six-headed hydra
 19499 | Lair:2   | Killed a six-headed hydra
 20266 | Lair:3   | Reached skill level 10 in Short Blades
 20394 | Lair:3   | Found a staircase to the Swamp.
 20447 | Lair:3   | Found a labyrinth entrance.
 20456 | Lab      | Entered a labyrinth
 20947 | Lab      | Noticed a minotaur
 20988 | Lab      | Killed a minotaur
 20988 | Lab      | Reached ***** piety under Sif Muna
 21007 | Lab      | Got a pitted jade ring
 21012 | Lair:3   | Identified the ring "Ryan Ojuto" {rElec rF+ rN+ Int+2} (You found it in a labyrinth)
 21988 | Lair:3   | Reached XP level 13. HP: 65/65 MP: 17/27
 23158 | Lair:4   | Noticed lorenzova's ghost (journeyman DECj)
 23259 | Lair:4   | Killed lorenzova's ghost
 23259 | Lair:4   | Reached skill level 15 in Stealth
 23943 | Lair:4   | You fall through a shaft for 3 floors!
 24008 | Lair:8   | Entered Level 8 of the Lair of Beasts
 24135 | Lair:7   | Noticed Psyche
 24171 | Lair:7   | Reached skill level 10 in Spellcasting
 24236 | Lair:7   | Killed Psyche
 25469 | Lair:7   | Noticed Snorg
 25477 | Lair:7   | Killed Snorg
 25848 | Lair:6   | Noticed Maud
 25870 | Lair:6   | Killed Maud
 25870 | Lair:6   | Reached ****** piety under Sif Muna
 25870 | Lair:6   | Received a gift from Sif Muna
 25870 | Lair:6   | Reached skill level 10 in Charms
 25873 | Lair:6   | Identified Sif Muna's Incunabulum of Dislocated Envenoming (Sif Muna gifted it to you on level 6 of the Lair of Beasts)
 25879 | Lair:6   | Learned a level 4 spell: Passage of Golubria
 25913 | Lair:6   | Found a staircase to the Slime Pits.
 26437 | Lair:4   | Reached skill level 1 in Translocations
 26640 | Lair:4   | Noticed Nergalle
 26659 | Lair:4   | Killed Nergalle
 27420 | Lair:5   | Reached XP level 14. HP: 59/72 MP: 12/30
 28085 | Lair:5   | Reached skill level 5 in Translocations
 28729 | Lair:6   | Found a hole to the Spider Nest.
 30818 | Lair:8   | Received a gift from Sif Muna
 30827 | Lair:8   | Identified Fushikhu's Papyrus of Doomed Curses (Sif Muna gifted it to you on level 8 of the Lair of Beasts)
 33811 | Lair:8   | Reached XP level 15. HP: 76/79 MP: 4/33
 34025 | Lair:8   | Identified the Tome of Bile
 34034 | Lair:8   | Learned a level 5 spell: Silence
 34179 | Lair:8   | Reached skill level 1 in Air Magic
 35642 | Orc:1    | Received a gift from Sif Muna
 35660 | Orc:1    | Identified Sif Muna's Papyrus of Lucky Air (Sif Muna gifted it to you on level 1 of the Orcish Mines)
 35668 | Orc:1    | Learned a level 6 spell: Haste
 35784 | Orc:1    | Gained mutation: Your flesh is cold resistant. [mutagenic glow]
 35911 | Orc:1    | Noticed varam's ghost (journeyman SpEn)
 36445 | Orc:1    | Reached skill level 10 in Fighting
 36524 | Orc:1    | Learned a level 2 spell: Song of Slaying
 36930 | Orc:1    | Got a sapphire dagger
 36931 | Orc:1    | Identified the +7 dagger of Honesty {pierce, Str+4 Int+3} (You found it on level 1 of the Orcish Mines)
 37061 | Orc:1    | Killed varam's ghost
 37348 | Orc:2    | Entered Level 2 of the Orcish Mines
 38185 | Orc:2    | Found Fyseniop's Assorted Antiques.
 38185 | Orc:2    | Found Habruxko's Jewellery Emporium.
 38545 | Orc:2    | Found a roughly hewn altar of Beogh.
 38551 | Orc:2    | Gained mutation: You occasionally shout uncontrollably at your foes. [a neqoxec]
 38567 | Orc:2    | Found Beggooh's Armour Shop.
 38567 | Orc:2    | Found Axo Cuse's Gadget Emporium.
 39048 | Orc:2    | Reached skill level 5 in Air Magic
 39112 | Orc:2    | Noticed Acidk0re's ghost (journeyman MiFi)
 39259 | Orc:2    | Killed Acidk0re's ghost
 39411 | Orc:2    | Noticed a ghost moth
 39743 | Orc:2    | Found a staircase to the Elven Halls.
 40184 | D:12     | Noticed Maurice
 40243 | D:12     | Killed Maurice
 40384 | D:12     | Noticed Harold
 40391 | D:12     | Killed Harold
 40492 | D:12     | Received a gift from Sif Muna
 40852 | D:12     | Learned a level 5 spell: Warp Weapon
 41778 | D:13     | Found a gate to the Vaults.
 41778 | D:13     | Noticed Donald
 41778 | D:13     | Noticed Rupert
 42017 | D:13     | Reached XP level 16. HP: 85/85 MP: 14/35
 42167 | D:13     | Reached skill level 15 in Spellcasting
 42362 | D:13     | Killed Donald
 42632 | D:12     | Reached skill level 15 in Hexes
 43235 | D:13     | Killed Rupert
 43329 | D:13     | Identified Vev Rinn's Compendium of Vitriolic Dislocation
 44040 | D:14     | Found Ycvucvif's Antique Weapon Shop.
 44281 | D:14     | Received a gift from Sif Muna
 44284 | D:14     | Identified Awesh's Tome of Evil Moulding (Sif Muna gifted it to you on level 14 of the Dungeon)
 44294 | D:14     | Learned a level 2 spell: Shroud of Golubria
 44916 | D:15     | Entered Level 15 of the Dungeon
 47243 | D:15     | HP: 3/85 [catoblepas (2)]
 47245 | D:15     | Mangled by a catoblepas

Skill      XL: |  1  2  3  4  5  6  7  8  9 10 11 12 13 14 15 16 |
---------------+-------------------------------------------------+-----
Stealth        | 5 6 7 8 11 12 13 14 15 | 15.5
Short Blades   | 2 3 4 5 7 8 9 10 | 10.2
Fighting       | 1 3 4 5 6 7 9 10 | 10.0
Spellcasting   | 3 4 6 8 9 11 13 14 15 | 15.9
Hexes          | 4 7 8 9 10 11 12 13 14 15 | 15.9
Dodging        | 8 10 11 13 | 13.9
Charms         | 3 5 8 10 | 10.3
Translocations | 3 8 9 |  9.8
Air Magic      | 6 7 |  7.2
Ice Magic      | |  0.1

Action                   |  1- 3 |  4- 6 |  7- 9 | 10-12 | 13-15 | 16-18 || total
-------------------------+-------+-------+-------+-------+-------+-------++-------
Melee: Dagger            |    55 |    81 |   353 |  1283 |  1912 |   550 ||  4234
       Short sword       |    15 |       |    85 |       |    80 |       ||   180
 Cast: Corona            |     3 |       |       |       |       |       ||     3
       Ensorcelled Hiber |     9 |    22 |    28 |    53 |   169 |    12 ||   293
       Confuse           |     3 |    14 |    82 |   139 |   211 |    92 ||   541
       Dazzling Spray    |       |       |       |    34 |   245 |    43 ||   322
       Regeneration      |       |       |       |     1 |    14 |     6 ||    21
       Haste             |       |       |       |       |    18 |     9 ||    27
       Song of Slaying   |       |       |       |       |    14 |     7 ||    21
       Warp Weapon       |       |       |       |       |     4 |     3 ||     7
       Silence           |       |       |       |       |     2 |       ||     2
       Shroud of Golubri |       |       |       |       |       |     7 ||     7
Evoke: Wand              |       |       |       |       |     2 |       ||     2
  Use: Scroll            |       |       |     8 |     6 |     3 |     1 ||    18
 Stab: Sleeping          |    17 |    15 |    33 |    70 |   146 |    16 ||   297
       Confused          |     1 |     4 |    39 |    85 |   126 |    42 ||   297
       Distracted        |       |     1 |     1 |     7 |     6 |     2 ||    17
       Invisible         |       |       |       |    15 |    72 |     8 ||    95
  Eat: Royal jelly       |       |     2 |       |       |     7 |       ||     9
       Bread ration      |       |       |     3 |     2 |     3 |     1 ||     9
       Pizza             |       |       |       |     1 |     2 |       ||     3
Armor: Robe              |    11 |    10 |    27 |    37 |    96 |    36 ||   217
Dodge: Dodged            |    51 |    50 |   291 |   538 |  1062 |   314 ||  2306
Block: Other             |       |       |       |    40 |   463 |    87 ||   590
       Reflection        |       |       |       |       |     3 |     7 ||    10
